 Dungeon Crawl Stone Soup version 0.20.0-15-g7f486f2 (webtiles) character file.

237 renl the Cudgeler (level 5, 0/45 HPs)
             Began as a Draconian Skald on June 22, 2017.
             Slain by a sky beast (1 damage)
             ... on level 3 of the Dungeon.
             The game lasted 00:18:59 (2067 turns).

renl the Cudgeler (Draconian Skald)                 Turns: 2067, Time: 00:19:00

Health: 0/45       AC:  7    Str: 14    XL:     5   Next: 77%
Magic:  1/8        EV: 12    Int: 14    God:
Gold:   107        SH:  0    Dex: 10    Spells: 4/9 levels left

rFire    . . .     SeeInvis .   a - +0 mace
rCold    . . .     Gourm    +   (no shield)
rNeg     . . .     Faith    .   (armour unavailable)
rPois    .         Spirit   .   (helmet restricted)
rElec    .         Reflect  .   (no cloak)
rCorr    .         Harm     .   i - +1 pair of gloves
MR       .....                  (no boots)
Stlth    ++........             t - amulet of the gourmand
Regen    0.2/turn               o - ring of stealth
MPRegen  0.2/turn               (no ring)

@: infused (expiring)
A: unfitting armour, cold-blooded, AC +5
a: no special abilities


You were on level 3 of the Dungeon.
You were not hungry.

You visited 1 branch of the dungeon, and saw 4 of its levels.

You collected 107 gold pieces.

Inventory:

Hand Weapons
 a - a +0 mace (weapon)
Armour
 i - a +1 pair of gloves (worn)
Jewellery
 o - a ring of stealth (left hand)
 t - an amulet of the gourmand (around neck)
Scrolls
 d - 4 scrolls of magic mapping {unknown}
 e - 4 scrolls of identify {unknown}
 k - a scroll of fear {unknown}
 n - a scroll of teleportation {unknown}
 p - a scroll of immolation {unknown}
 s - a scroll of noise {unknown}
Potions
 g - 6 potions of curing {unknown}
 h - a potion of agility {unknown}
 j - a potion of berserk rage {unknown}
 l - a potion of brilliance {unknown}
 r - a potion of heal wounds {unknown}
Books
 b - a book of Battle

   Spells                             Type                      Level
   a - Infusion                       Charms                       1
   b - Shroud of Golubria             Charms/Translocation         2
   c - Song of Slaying                Charms                       2
   d - Spectral Weapon                Hexes/Charms                 3
   e - Regeneration                   Charms/Necromancy            3
Comestibles
 c - 3 bread rations
 f - 3 royal jellies
 m - a meat ration


   Skills:
 * Level 3.1 Fighting
 * Level 4.0 Maces & Flails
 + Level 2.9 Dodging
 + Level 1.0 Stealth
 + Level 2.5 Spellcasting
 + Level 3.4 Charms


You had 4 spell levels left.
You knew the following spells:

 Your Spells              Type           Power        Failure   Level  Hunger
a - Infusion              Chrm           ##..         5%          1    #......
b - Song of Slaying       Chrm           ##......     9%          2    ###....
c - Shroud of Golubria    Chrm/Tloc      #.........   17%         2    ###....


Dungeon Overview and Level Annotations

Branches:
Dungeon (4/15)
 Temple: D:4-7

Altars:
Sif Muna
The Shining One

Annotations:
D:4 Realz's ghost, novice GrBe


Innate Abilities, Weirdness & Mutations

Your plain brown scales are hard. (AC +5)
You cannot fit into any form of body armour.
You are cold-blooded and may be slowed by cold attacks.


Message History

You climb upwards.
There is a stone staircase leading down here.
You closely miss the sky beast.
The sky beast is heavily wounded.
The sky beast misses you.
You barely miss the sky beast.
The sky beast is heavily wounded.
The sky beast hits you but does no damage.
You sock the sky beast!
Your tail-slap misses the sky beast.
The sky beast is almost dead.
Your magical infusion is running out.
The sky beast hits you.
* * * LOW HITPOINT WARNING * * *
The sky beast shocks you.
* * * LOW HITPOINT WARNING * * *
The sky beast barely misses you.
You closely miss the sky beast.
The sky beast is almost dead.
The sky beast hits you.
You die...

.##..##....#
.###.......# 8.....8
...........# #.....#
รท....##....# #8...8#
......#....###.....##
......>######8.....8#
......(....# #.....#
##..##...#.# #8Y..8#
##..).#...## ##@##
####.###..###########
###..##......b.....##
#...................#
#.####...........[..#
#.# #..............#
##.# #..............#
#..# #..............#
##.##
##..........<.##


You could see a sky beast and a bat.

Vanquished Creatures
  An ogre (D:4)
  A hound (D:4)
  A worker ant (D:4)
  4 adders
  3 dart slugs (D:1)
  2 leopard geckos (D:3)
  3 orcs (D:3)
  A giant cockroach (D:3)
  4 goblins (D:1)
  4 hobgoblins
  4 jackals (D:2)
  7 kobolds
  2 quokkas
  3 ball pythons
  8 bats
  4 frilled lizards
  4 rats
56 creatures vanquished.

Notes
Turn   | Place    | Note
-------+----------+-------------------------------------------
     0 | D:1      | renl the Draconian Skald began the quest for the Orb.
     0 | D:1      | Reached XP level 1. HP: 17/17 MP: 3/3
   148 | D:1      | Reached XP level 2. HP: 14/24 MP: 5/5
   157 | D:1      | Learned a level 2 spell: Song of Slaying
   494 | D:1      | Found a glowing golden altar of the Shining One.
   760 | D:2      | Reached XP level 3. HP: 26/30 MP: 0/6
   898 | D:2      | Learned a level 2 spell: Shroud of Golubria
  1199 | D:2      | Found a deep blue altar of Sif Muna.
  1354 | D:3      | Reached XP level 4. HP: 32/37 MP: 2/7
  1364 | D:3      | Reached skill level 3 in Maces & Flails
  1876 | D:4      | Reached XP level 5. HP: 30/44 MP: 2/8
  1936 | D:4      | Noticed Realz's ghost (novice GrBe)
  2002 | D:4      | Noticed an ogre
  2008 | D:4      | Noticed a sky beast
  2018 | D:4      | Killed an ogre
  2018 | D:4      | Reached skill level 4 in Maces & Flails
  2018 | D:4      | Reached skill level 1 in Stealth
  2066 | D:3      | HP: 1/45 [sky beast (6)]
  2067 | D:3      | Slain by a sky beast

Skill      XL: |  1  2  3  4  5 |
---------------+----------------+-----
Charms         | 3 |  3.4
Maces & Flails | 3 4 |  4.0
Fighting       | 3 |  3.1
Stealth        | 1 |  1.0
Dodging        | |  2.9
Spellcasting   | |  2.5

Action                   |  1- 3 |  4- 6 || total
-------------------------+-------+-------++-------
Melee: Mace              |   110 |    68 ||   178
       Tailslap          |     7 |     6 ||    13
 Cast: Infusion          |    13 |    10 ||    23
       Shroud of Golubri |       |     1 ||     1
 Stab: Sleeping          |     1 |     3 ||     4
  Eat: Chunk             |     2 |     6 ||     8
Armor: Skin              |    42 |    32 ||    74
Dodge: Dodged            |    96 |    50 ||   146
